 Dungeon Sprint DCSS version 0.22-a0-362-g535178c (webtiles) character file.

2583 FredericMitz the Fighter (level 9, -2/65 HPs)
             Began as a Gargoyle Berserker on Apr 19, 2018.
             Was a Priest of Trog.
             Slain by Sonja
             ... wielding a +2 short sword of distortion
              (17 damage)
             ... in the Dungeon (Sprint I: "Red Sonja").
             The game lasted 00:10:35 (841 turns).

FredericMitz the Fighter (Gargoyle Berserker)        Turns: 841, Time: 00:10:39

Health: -2/65      AC: 13    Str: 23    XL:     9   Next: 58%
Magic:  9/9        EV: 16    Int:  9    God:    Trog [***...]
Gold:   431        SH:  0    Dex:  9    Spells: 8/8 levels left

rFire    . . .     SeeInvis .   a - +0 mace
rCold    . . .     Gourm    .   (no shield)
rNeg     + . .     Faith    .   k - +3 leather armour
rPois    ∞         Spirit   .   (no helmet)
rElec    +         Reflect  .   (no cloak)
rCorr    .         Harm     .   (no gloves)
MR       .....     NoTele   +   (no boots)
Stlth    +.........             (no amulet)
HPRegen  0.20/turn              (no ring)
MPRegen  0.11/turn              (no ring)

@: berserk cooldown, slowed, very slow
A: negative energy resistance 1, electricity resistance, unbreathing,
petrification resistance, rot immunity, AC +6
a: Berserk, Trog's Hand, Renounce Religion


You were in the Dungeon.
You worshipped Trog.
Trog was most pleased with you.
You were near starving.

You visited 1 branch You collected 431 gold pieces.

Inventory:

Hand Weapons
 a - a +0 mace (weapon)
Armour
 k - a +3 leather armour (worn)
Wands
 j - a wand of digging (13)
Scrolls
 i - 2 scrolls of blinking
Potions
 d - a potion of curing
 f - a potion of haste
 g - 2 potions of magic
Comestibles
 b - 5 chunks of flesh
 c - a ration


   Skills:
 + Level 12.2 Fighting
 + Level 11.4 Maces & Flails
 + Level 11.6 Armour
 + Level 9.2 Dodging


You had 8 spell levels left.
You didn't know any spells.

Dungeon Overview and Level Annotations

Branches:
Dungeon (1/1)

Altars:
Cheibriados
Dithmenos
Elyvilon
Fedhas
Gozag
Hepliaklqana
Kikubaaqudgha
Makhleb
Nemelex Xobeh
Okawaru
Qazlal
Ru
Sif Muna
Trog
Uskayaw
Vehumet
Wu Jian
Xom
Yredelemnul
Zin
The Shining One
Jiyva
Lugonu

Shops:
D [

Annotations:
D Sonja


Innate Abilities, Weirdness & Mutations

You are resistant to torment.
Your stone body is resilient. (AC +6)
You are immune to poison.
You resist negative energy. (rN+)
You are resistant to electric shocks. (rElec)
You can survive without breathing.
You are immune to petrification.
You are immune to rotting.


Message History

Sonja misses you. Sonja hits you but does no damage. Space bends around you.
* * * LOW HITPOINT WARNING * * *
Sonja barely misses you.
Sonja mumbles some strange words.
Sonja blinks!
Sonja unwields an uncursed short sword of distortion.
Its appearance distorts for a moment.
Sonja wields an uncursed blowgun.
Sonja shoots a curare-tipped needle.
The curare-tipped needle closely misses you.
Sonja casts a spell.
Sonja blinks!
You see here a curare-tipped needle.
You feel much better.
Sonja unwields an uncursed blowgun.
Sonja wields an uncursed short sword of distortion.
Its appearance distorts for a moment.
Sonja hits you with an uncursed short sword of distortion.
Space warps horribly around you!
* * * LOW HITPOINT WARNING * * *
Sonja hits you but does no damage. Space warps horribly around you!
You die...

##########################
#<.#..)..#..'..#__#..'...#
#..†[.#..').#..)))'..#...#
#..#####'#####'#__####...+
#..####..#...#[####§§#####
#..#__####.(##§#≈§§§.#
#..#_____##'#_.§§§§.§+
#⌠⌠#_.∩.K@'÷(._#§≈§§§#
####_..__##§.#+##+####
#_____###'#.# #######
#(### $($ $K$# ##.## #+#


You could see Sonja.

Vanquished Creatures
  2 centaur warriors (D)
  2 kobold demonologists (D)
  A slime creature (D)
  Sigmund (D)
  A yak (D)
  A floating eye (D)
  An ogre (D)
  A jelly (D)
  Ijyb (D)
11 creatures vanquished.

Notes
Turn   | Place    | Note
-------+----------+-------------------------------------------
     0 | D        | FredericMitz the Gargoyle Berserker began the quest for the Orb.
     0 | D        | Reached XP level 1. HP: 14/14 MP: 1/1
     2 | D        | Noticed Ijyb
    21 | D        | Killed Ijyb
    21 | D        | Reached skill level 4 in Fighting
    21 | D        | Reached XP level 2. HP: 12/20 MP: 2/2
   141 | D        | Noticed an ogre
   144 | D        | Killed an ogre
   144 | D        | Reached skill level 6 in Fighting
   144 | D        | Reached skill level 5 in Maces & Flails
   144 | D        | Reached XP level 3. HP: 27/27 MP: 3/3
   144 | D        | Reached XP level 4. HP: 32/32 MP: 4/4
   148 | D        | Noticed Sigmund
   165 | D        | Killed Sigmund
   165 | D        | Reached ** piety under Trog
   165 | D        | Reached skill level 7 in Fighting
   165 | D        | Reached skill level 5 in Dodging
   165 | D        | Reached XP level 5. HP: 26/39 MP: 5/5
   165 | D        | Reached XP level 6. HP: 29/44 MP: 6/6
   291 | D        | Found an ornate altar of the Wu Jian Council.
   291 | D        | Found a deep blue altar of Sif Muna.
   293 | D        | Found a radiant altar of Vehumet.
   297 | D        | Reached skill level 8 in Fighting
   359 | D        | Found a burning altar of Makhleb.
   359 | D        | Found a viscous altar of Jiyva.
   359 | D        | Found a shimmering altar of Xom.
   359 | D        | Found a corrupted altar of Lugonu.
   359 | D        | Noticed a slime creature
   372 | D        | Killed a slime creature
   372 | D        | Reached skill level 9 in Fighting
   372 | D        | Reached XP level 7. HP: 26/51 MP: 7/7
   530 | D        | Noticed a centaur warrior
   540 | D        | Noticed a centaur warrior
   549 | D        | Killed a centaur warrior
   549 | D        | Reached *** piety under Trog
   549 | D        | Reached skill level 10 in Fighting
   549 | D        | Reached XP level 8. HP: 58/58 MP: 8/8
   563 | D        | Killed a centaur warrior
   563 | D        | Reached skill level 11 in Fighting
   563 | D        | Reached skill level 10 in Maces & Flails
   563 | D        | Reached skill level 10 in Armour
   563 | D        | Reached XP level 9. HP: 64/64 MP: 9/9
   653 | D        | Noticed a kobold demonologist
   654 | D        | Noticed a kobold demonologist
   661 | D        | Paralysed by a floating eye for 3 turns
   662 | D        | Noticed a red devil
   669 | D        | Killed a kobold demonologist
   669 | D        | Reached **** piety under Trog
   678 | D        | Killed a kobold demonologist
   678 | D        | Reached skill level 12 in Fighting
   754 | D        | Found Zocvefeg's Armour Emporium.
   754 | D        | Found an ancient bone altar of Kikubaaqudgha.
   754 | D        | Found a hazy altar of Hepliaklqana.
   754 | D        | Found a stormy altar of Qazlal.
   754 | D        | Found a hide-covered altar of Uskayaw.
   754 | D        | Found a blossoming altar of Fedhas.
   754 | D        | Found a bloodstained altar of Trog.
   754 | D        | Found an iron altar of Okawaru.
   754 | D        | Found a basalt altar of Yredelemnul.
   754 | D        | Found a glowing golden altar of the Shining One.
   754 | D        | Found a snail-covered altar of Cheibriados.
   754 | D        | Found a sacrificial altar of Ru.
   754 | D        | Found a glowing silver altar of Zin.
   754 | D        | Found a shadowy altar of Dithmenos.
   754 | D        | Found a white marble altar of Elyvilon.
   764 | D        | Found an opulent altar of Gozag.
   767 | D        | Found a sparkling altar of Nemelex Xobeh.
   815 | D        | Noticed Sonja
   841 | D        | Slain by Sonja

Vault maps used:
D:        dungeon_sprint_1

Skill      XL: |  1  2  3  4  5  6  7  8  9 |
---------------+----------------------------+-----
Fighting       | 4 6 7 9 10 11 12 | 12.2
Maces & Flails | 4 5 7 8 9 10 11 | 11.4
Dodging        | 2 3 5 6 7 8 9 |  9.2
Armour         | 4 6 8 9 10 11 | 11.6

Action                   |  1- 3 |  4- 6 |  7- 9 || total
-------------------------+-------+-------+-------++-------
Melee: Mace              |    20 |    26 |    56 ||   102
Invok: Berserk           |       |     1 |     3 ||     4
       Brothers in Arms  |       |       |     1 ||     1
  Use: Potion            |     1 |       |     1 ||     2
  Eat: Chunk             |       |       |     2 ||     2
Armor: Animal skin       |    10 |       |       ||    10
       Leather armour    |       |     1 |    26 ||    27
Dodge: Dodged            |    10 |    19 |    43 ||    72

Table legend:
 A = Spawn XP
 B = Non-spawn XP
 C = Spawn XP percentage of total XP
 D = Spawn monster count
 E = Non-spawn monster count
 F = Spawn count percentage of total count
 G = Total turns spent on level
                    A         B        C        D         E        F      G
               +---------+---------+-------+---------+---------+-------+---------
         Total |       0 |    3691 |   0.0 |       0 |      11 |   0.0 |   841
               +---------+---------+-------+---------+---------+-------+---------
             D |       0 |    3691 |   0.0 |       0 |      11 |   0.0 |   841
               +---------+---------+-------+---------+---------+-------+---------
